 Dungeon Crawl Stone Soup version 0.31-a0-149-g3fdcc5976a (webtiles) character file.

Game seed: 10856356118340790476

56 qw the Shooter (level 3, -2/31 HPs)
             Began as a Minotaur Hunter on June 7, 2023.
             Killed from afar by an orc wizard (9 damage)
             ... with a magic dart
             ... on level 3 of the Dungeon.
             The game lasted 00:00:33 (1639 turns).

qw the Shooter (Minotaur Hunter)                    Turns: 1639, Time: 00:00:34

Health: -2/31      AC:  5    Str: 15    XL:     3   Next: 71%
Magic:  2/2        EV: 11    Int:  6    God:
Gold:   147        SH:  0    Dex: 15    Spells: 2/2 levels left

rFire   . . .        Y - +2 shortbow
rCold   . . .        (shield currently unavailable)
rNeg    . . .        b - +0 ring mail
rPois   .            (helmet restricted)
rElec   .            (no cloak)
rCorr   .            (no gloves)
SInv    .            (no boots)
Will    .....        (no amulet) Stlth
                     (no ring)
HPRegen 0.25/turn    (no ring)
MPRegen 0.08/turn

%: no passive effects
@: confused
A: horns 2, retaliatory headbutt
a: no special abilities


You were on level 3 of the Dungeon.
You visited 1 branch of the dungeon, and saw 3 of its levels.

You collected 147 gold pieces.


Innate Abilities, Weirdness & Mutations

You have a pair of horns on your head.
You reflexively headbutt those who attack you in melee.


   Skills:
 - Level 3.0 Fighting
 + Level 5.6 Ranged Weapons
 - Level 1.0 Armour
 - Level 2.1 Dodging
 - Level 0.7 Stealth


You had 2 spell levels left.
You didn't know any spells.
Your spell library was empty.

Inventory:

Hand Weapons
 Y - a +2 shortbow (weapon)
Armour
 b - a +0 ring mail (worn)
Potions
 d - a potion of resistance {unknown}
 e - a potion of heal wounds {unknown}
 g - a potion of curing {unknown}

Dungeon Overview and Level Annotations

Branches:
Dungeon (3/15)

Altars:


Message History

The orc misses you. You furiously retaliate!
You headbutt the orc. The orc hits you with a +0 flail.
You shoot an arrow. The arrow hits the orc.
You kill the orc!
The orc barely misses you. The orc hits you with a +0 flail.
You shoot an arrow. The arrow hits the orc.
The orc is heavily wounded.
The orc hits you with a +0 flail. The orc closely misses you.
You furiously retaliate!
You headbutt the orc.
You kill the orc!
You shoot an arrow. The arrow closely misses the orc.
The orc hits you but does no damage. Something hits you.
You shoot an arrow. The arrow hits the orc.
The orc is heavily wounded.
The orc hits you but does no damage. Something hits you but does no damage.
You shoot an arrow. The arrow hits the orc!
You kill the orc!
Your Armour skill increases to level 1!
1625 ||| FLEEEEING.
Something hits you.
You hear some strange, mumbled words.
You are confused.
Something hits you. Something hits you. Something hits you.
Something hits you but does no damage.
You feel less confused. Something hits you.
1632 ||| FLEEEEING.
1633 ||| FLEEEEING.
You hear some strange, mumbled words.
You are confused.
Something hits you but does no damage. Something hits you. Something hits you.
Something completely misses you.
An orc wizard appears from thin air!
Reactivating autopickup.
The orc wizard points at you and mumbles some strange words.
The magic dart hits you!
You die...

#.###### #.# ..#
... #.# ..#....
#.# ..#.... #.#
....... #.#
....... #.#
.......
#.#######)......
#..).@oo.)......
#########.......
....... .......
....... .......
....... .......


You could see an orc wizard and an orc.

Vanquished Creatures
  A worm (D:2)
  2 dart slugs
  4 orcs (D:3)
  2 bats
  3 endoplasms
  3 giant cockroaches
  3 goblins (D:2)
  2 hobgoblins
  7 jackals (D:1)
  9 ball pythons
  A frilled lizard (D:2)
  2 kobolds
  A rat (D:1)
40 creatures vanquished.

Notes
Turn   | Place    | Note
-------+----------+-------------------------------------------
     0 | D:1      | qw the Minotaur Hunter began the quest for the Orb.
     0 | D:1      | Reached XP level 1. HP: 18/18 MP: 0/0
     0 | D:1      | 0 ||| qw: Version: 0.2-a-117-gc6b5c8b
     0 | D:1      | 0 ||| qw: Game counter: 2653
     0 | D:1      | 0 ||| qw: Always use a shield: true
     0 | D:1      | 0 ||| qw: God list: Okawaru
     0 | D:1      | 0 ||| qw: Allow faded altars: false
     0 | D:1      | 0 ||| qw: Do Orc after D:15 true
     0 | D:1      | 0 ||| qw: Do second Lair branch before Depths: true
     0 | D:1      | 0 ||| qw: Lair rune preference: random
     0 | D:1      | 0 ||| qw: Plans: Normal
     0 | D:1      | 0 ||| PLANNING D:1-11
   251 | D:1      | Reached XP level 2. HP: 25/25 MP: 1/1
   253 | D:1      | Reached skill level 5 in Ranged Weapons
   458 | D:1      | Reached skill level 3 in Fighting
   763 | D:1      | 763 ||| DROPPING ring of wizardry.
   764 | D:1      | 764 ||| READING scroll labelled ENNYEL MAWES.
   765 | D:1      | 765 ||| READING scroll labelled UVIEBIKHLAMM.
   766 | D:1      | 766 ||| DROPPING scroll of butterflies.
   793 | D:2      | Reached XP level 3. HP: 31/31 MP: 2/2
  1165 | D:2      | 1165 ||| READING scroll of enchant weapon.
  1165 | D:2      | 1165 ||| ENCHANTING +1 shortbow.
  1539 | D:2      | 1539 ||| UPGRADING to +0 ring mail.
  1549 | D:2      | 1549 ||| DROPPING +0 leather armour.
  1550 | D:2      | 1550 ||| READING scroll labelled UZXEFR ZOAPP.
  1551 | D:2      | 1551 ||| READING scroll labelled OFYNEUJARPH.
  1552 | D:2      | 1552 ||| READING scroll labelled NOMASU ZURIN.
  1625 | D:3      | Reached skill level 1 in Armour
  1625 | D:3      | 1625 ||| FLEEEEING.
  1632 | D:3      | 1632 ||| FLEEEEING.
  1633 | D:3      | 1633 ||| FLEEEEING.
  1637 | D:3      | HP: 7/31 [something (2)]
  1639 | D:3      | Killed from afar by an orc wizard

Levels and vault maps discovered:
D:1:      beargit_arrival_greenhouse, layout_basic
D:2:      layout_loops_ring, nicolae_hexahallways
D:3:      layout_basic, uniq_ijyb

Skill      XL: |  1  2  3 |
---------------+----------+-----
Ranged Weapons | 5 |  5.6
Fighting       | 3 |  3.0
Armour         | 1 |  1.0
Dodging        | |  2.1
Stealth        | |  0.7

Action                     || total
---------------------------++-------
   Fire: Shortbow          ||   112
    Use: Scroll            ||     6
 Armour: Leather armour    ||     9
         Ring mail         ||     5
  Dodge: Dodged            ||    33

Table legend:
 A = Non-vault XP
 B = Vault XP
 C = Vault XP percentage of total XP
 D = Non-vault monster count
 E = Vault monster count
 F = Vault count percentage of total count
                 A         B        C        D         E       F
            +---------+---------+-------+---------+---------+-------
      Total |      81 |       0 |   0.0 |      40 |       0 |   0.0
            +---------+---------+-------+---------+---------+-------
        D:1 |      37 |       0 |   0.0 |      21 |       0 |   0.0
        D:2 |      32 |       0 |   0.0 |      15 |       0 |   0.0
        D:3 |      12 |       0 |   0.0 |       4 |       0 |   0.0
            +---------+---------+-------+---------+---------+-------
